 Dungeon Crawl Stone Soup version 0.20.1-1-g8b1a95d66d (webtiles) character file.

11844 Ivernyr the Markscentaur (level 11, -5/95 HPs)
             Began as a Centaur Hunter on Dec 8, 2017.
             Was a High Priest of Okawaru.
             Killed from afar by a manticore (12 damage)
             ... with a volley of spikes
             ... on level 10 of the Dungeon on Dec 9, 2017.
             The game lasted 00:51:22 (18282 turns).

Ivernyr the Markscentaur (Centaur Hunter)          Turns: 18282, Time: 00:51:23

Health: -5/95      AC: 14    Str: 15    XL:     11   Next: 54%
Magic:  15/17      EV: 10    Int: 13    God:    Okawaru [*****.]
Gold:   427        SH:  0    Dex: 10    Spells: 10/10 levels left

rFire    + + .     SeeInvis .   a - +1 shortbow
rCold    + . .     Gourm    .   (shield currently unavailable)
rNeg     . . .     Faith    .   c - +1 leather armour {rF+}
rPois    .         Spirit   .   q - +0 helmet
rElec    .         Reflect  .   v - +0 cloak
rCorr    .         Harm     .   A - +0 pair of gloves (curse)
MR       .....                  U - +0 centaur barding {rF+}
Stlth    +++.......             (no amulet)
Regen    0.3/turn               S - ring of stealth
MPRegen  0.2/turn               T - ring of protection from cold

@: heroism, barbed spikes, very quick
A: hooves 3, deformed body, speed 2, tough skin 3
a: Heroism, Finesse, Renounce Religion


You were on level 10 of the Dungeon.
You worshipped Okawaru.
Okawaru was extremely pleased with you.
You were not hungry.

You visited 2 branches of the dungeon, and saw 11 of its levels.

You collected 427 gold pieces.

Inventory:

Hand Weapons
 a - a +1 shortbow (weapon)
Missiles
 d - 261 arrows (quivered)
Armour
 c - a +1 leather armour of fire resistance (worn)
 q - a +0 helmet (worn)
 v - a +0 cloak (worn)
 A - a cursed +0 pair of gloves (worn)
 U - a +0 centaur barding of fire resistance (worn)
Jewellery
 y - an uncursed ring of flight
 S - a ring of stealth (left hand)
 T - a ring of protection from cold (right hand)
Wands
 x - a wand of disintegration (14/24)
 C - a wand of confusion (4/48)
 E - a wand of confusion (26/48)
 G - a wand of random effects (23/48)
 I - a wand of clouds (3/9)
 J - a wand of polymorph (5/24)
 O - a wand of random effects (28/48)
 P - a wand of paralysis (11/24)
Scrolls
 g - 2 scrolls of noise {unknown}
 h - 3 scrolls of fog
 i - 2 scrolls of teleportation
 l - 5 scrolls of remove curse {unknown}
 m - 2 scrolls of recharging {unknown}
 p - a scroll of immolation {unknown}
 r - a scroll of blinking {unknown}
 s - 5 scrolls of identify {unknown}
 u - 3 scrolls of enchant armour {unknown}
 M - a scroll of fear {unknown}
 R - 2 scrolls of vulnerability {unknown}
Potions
 b - a potion of mutation {unknown}
 e - 6 potions of curing
 n - a potion of flight {unknown}
 o - a potion of degeneration {unknown}
 t - 3 potions of heal wounds {unknown}
 z - 2 potions of lignification {unknown}
 B - 3 potions of haste {unknown}
 D - a potion of brilliance {unknown}
 F - a potion of agility {unknown}
 H - a potion of might {unknown}
 K - a potion of resistance {unknown}
 N - a potion of cancellation {unknown}
 Q - a potion of ambrosia {unknown}
Books
 w - a book of Frost

   Spells                             Type                      Level
   a - Freeze                         Ice                          1
   b - Throw Frost                    Conjuration/Ice              2
   c - Ozocubu's Armour               Charms/Ice                   3
   d - Throw Icicle                   Conjuration/Ice              4
   e - Summon Ice Beast               Ice/Summoning                4
Comestibles
 f - 7 bread rations
 j - 4 fruits
 k - 4 royal jellies
 L - 2 meat rations


   Skills:
 + Level 8.7(13.7) Fighting
 * Level 15.6(20.6) Bows
 - Level 1.3(6.3) Dodging
 - Level 0.4(5.4) Stealth
 + Level 8.5(13.5) Unarmed Combat
 + Level 8.0 Invocations


You had 10 spell levels left.
You didn't know any spells.

Dungeon Overview and Level Annotations

Branches:
Dungeon (10/15)            Temple (1/1) D:4            Lair (0/6) D:10
    Orc: D:9-12

Altars:
Ashenzari
Cheibriados
Dithmenos
Elyvilon
Fedhas
Hepliaklqana
Kikubaaqudgha
Makhleb
Nemelex Xobeh
Okawaru
Ru
Sif Muna
Trog
Uskayaw
Vehumet
Xom
Zin
The Shining One

Shops:
D:4 !   D:6 [   D:10 (


Innate Abilities, Weirdness & Mutations

You have hooves in place of feet.
Armour fits poorly on your strangely shaped body.
You cover ground very quickly.
You have extremely tough skin. (AC +3)


Message History

The arrow hits the manticore but does no damage.
The manticore is almost dead.
The manticore flicks its tail.
The volley of spikes hits you!
The barbed spikes become lodged in your body.
* * * LOW HITPOINT WARNING * * *
You gain the combat prowess of a mighty hero.
The manticore flicks its tail.
The volley of spikes hits you!
The barbed spikes become lodged in your body.
* * * LOW HITPOINT WARNING * * *
Firing (i - inventory):
d - 262 arrows (quivered)
Press: ? - help, Shift-Dir - straight line, f/p - manticore
Aim: a manticore (almost dead)
You shoot an arrow. The arrow hits the manticore.
The manticore is almost dead.
The manticore flicks its tail.
The volley of spikes hits you!
The barbed spikes become lodged in your body.
You die...

#.###.#.##.#...#.# #...≈≈≈≈.≈.≈
#.....#.##.#####(# #..≈≈≈≈≈.≈.≈
#.......##.# #(# #...≈≈≈≈.≈≈≈
#......###.#####(# #....≈≈≈.≈≈≈
#.#.##T##......(.# #..≈≈.≈≈.≈≈≈
#.#.##.##.###.#(## #..≈≈≈.≈..;≈
#.#.....#.###[#H#####.≈≈≈(.≈.≈.≈
#.####..#.##.........≈(≈≈≈≈..≈.≈
##.####..#.##..#@#####≈≈≈≈≈......
............)..#.# #≈≈≈≈≈≈.>.;.
###.######.......# #≈≈≈≈≈≈....≈
###.### ####...## #≈≈≈≈≈.≈.≈T≈
#.....### #...# #.......# #...#
#...#.#.# #...# #.....#.# #...#
......#.#####...#


You could see a manticore.

Vanquished Creatures
  Snorg (D:10)
  3 two-headed ogres
  Joseph (D:7)
  2 trolls (D:9)
  4 hippogriffs
  A shadow (D:10)
  6 yaks
  2 wyverns (D:9)
  Eustachio (D:5)
  A hungry ghost (D:9)
  3 sky beasts
  3 orc warriors
  4 ice beasts
  6 ogres
  4 phantoms
  A black bear (D:7)
  4 wolves
  7 centaurs
  2 big kobolds
  A crocodile (D:8)
  9 bullfrogs
  A gnoll sergeant (D:9)
  A water moccasin zombie (D:9)
  A wyvern skeleton (D:9)
  A scorpion (D:4)
  4 electric eels
  8 wights
  2 crimson imps
  2 centaur zombies (D:6)
  12 hounds
  2 quasits
  7 orc wizards
  Crazy Yiuf (D:5)
  3 bullfrog skeletons
  5 jellies
  5 orc priests
  2 centaur skeletons (D:9)
  An iguana (D:9)
  9 worker ants
  A hound skeleton (D:9)
  A worker ant zombie (D:10)
  A howler monkey zombie (D:5)
  11 gnolls
  18 adders
  3 shadow imps
  2 oozes
  2 adder zombies (D:7)
  2 adder skeletons
  6 worms
  5 dart slugs
  3 leopard geckos
  33 orcs
  3 ball pythons
  6 giant cockroaches
  6 goblins
  8 hobgoblins
  10 jackals
  2 quokkas (D:7)
  11 bats
  9 frilled lizards
  13 kobolds
  11 rats
300 creatures vanquished.

Vanquished Creatures (others)
  A two-headed ogre (D:9)
  2 fungi (D:6)
3 creatures vanquished.

Grand Total: 303 creatures vanquished

Notes
Turn   | Place    | Note
-------+----------+-------------------------------------------
     0 | D:1      | Ivernyr the Centaur Hunter began the quest for the Orb.
     0 | D:1      | Reached XP level 1. HP: 17/17 MP: 1/1
   103 | D:1      | Reached XP level 2. HP: 24/24 MP: 2/2
   391 | D:1      | Reached skill level 6 in Bows
   504 | D:1      | Reached skill level 1 in Unarmed Combat
   570 | D:1      | Reached XP level 3. HP: 27/29 MP: 3/3
   899 | D:2      | Found a faded altar of an unknown god.
  1243 | D:2      | HP: 1/30 [worm (11)]
  1584 | D:2      | Reached XP level 4. HP: 28/37 MP: 4/4
  1847 | D:2      | Found a sparkling altar of Nemelex Xobeh.
  2196 | D:2      | Found a blossoming altar of Fedhas.
  2575 | D:3      | Reached skill level 7 in Bows
  2969 | D:3      | Reached XP level 5. HP: 37/45 MP: 5/5
  4257 | D:4      | Found a staircase to the Ecumenical Temple.
  4263 | Temple   | Entered the Ecumenical Temple
  4270 | Temple   | Became a worshipper of Warmaster Okawaru
  4335 | D:4      | Noticed a centaur
  4342 | D:4      | Killed a centaur
  4342 | D:4      | Reached skill level 8 in Bows
  4342 | D:4      | Reached XP level 6. HP: 38/52 MP: 6/6
  4576 | D:4      | Found Kadegat's Distillery.
  4890 | D:5      | Entered Level 5 of the Dungeon
  5265 | D:5      | Noticed an ice beast
  5696 | D:4      | Killed an ice beast
  5696 | D:4      | Reached skill level 9 in Bows
  5696 | D:4      | Reached XP level 7. HP: 37/59 MP: 7/7
  5821 | D:5      | Noticed Eustachio
  5922 | D:4      | HP: 2/59 [poisoned by an orc]
  5930 | D:4      | HP: 2/59 [poisoned by an orc]
  6299 | D:5      | Killed Eustachio
  6638 | D:5      | Found an iron altar of Okawaru.
  6792 | D:5      | Reached * piety under Okawaru
  7035 | D:5      | Found a runed door.
  7040 | D:5      | Noticed Crazy Yiuf
  7044 | D:5      | Killed Crazy Yiuf
  7176 | D:6      | Reached skill level 10 in Bows
  7398 | D:6      | Reached skill level 1 in Invocations
  7500 | D:6      | Reached XP level 8. HP: 45/67 MP: 7/9
  7702 | D:6      | Reached skill level 5 in Fighting
  8211 | D:6      | Found a white marble altar of Elyvilon.
  8215 | D:6      | Found a shattered altar of Ashenzari.
  8323 | D:6      | Reached ** piety under Okawaru
  8598 | D:6      | Found Coraajar's Armour Boutique.
  8757 | D:6      | Reached skill level 11 in Bows
  9362 | D:7      | Reached skill level 5 in Unarmed Combat
  9399 | D:7      | Reached XP level 9. HP: 31/75 MP: 11/11
  9401 | D:7      | Found a shadowy altar of Dithmenos.
  9408 | D:7      | HP: 1/75 [centaur/arrow (17)]
  9855 | D:7      | Reached *** piety under Okawaru
 10208 | D:7      | Noticed Joseph
 10270 | D:7      | Killed Joseph
 10270 | D:7      | Received a gift from Okawaru
 10270 | D:7      | Reached skill level 12 in Bows
 11054 | D:8      | Reached skill level 5 in Invocations
 11335 | D:8      | Reached **** piety under Okawaru
 11651 | D:8      | Reached skill level 13 in Bows
 11704 | D:8      | Noticed a two-headed ogre
 11811 | D:8      | Killed a two-headed ogre
 11811 | D:8      | Reached XP level 10. HP: 45/86 MP: 14/14
 12144 | D:8      | Reached ***** piety under Okawaru
 12821 | D:9      | Found a glowing golden altar of the Shining One.
 13229 | D:9      | Reached skill level 14 in Bows
 13435 | D:9      | Received a gift from Okawaru
 13452 | D:9      | Found a hide-covered altar of Uskayaw.
 14438 | D:9      | Found a shimmering altar of Xom.
 14496 | D:9      | Noticed a two-headed ogre
 14527 | D:9      | Killed a two-headed ogre
 14732 | D:9      | Noticed a dagger
 14733 | D:9      | Noticed a dagger
 15111 | D:9      | Found a deep blue altar of Sif Muna.
 15153 | D:10     | Entered Level 10 of the Dungeon
 15175 | D:10     | Reached XP level 11. HP: 66/94 MP: 16/16
 15328 | D:10     | Found Yruloj Ixup's Antique Weapon Shop.
 15338 | D:10     | Noticed a two-headed ogre
 15354 | D:10     | Killed a two-headed ogre
 15375 | D:10     | Reached ****** piety under Okawaru
 15375 | D:10     | Received a gift from Okawaru
 15500 | D:10     | Reached skill level 15 in Bows
 16372 | D:9      | Killed a two-headed ogre
 18093 | D:10     | Found a staircase to the Lair.
 18103 | D:10     | Noticed Snorg
 18180 | D:10     | Killed Snorg
 18180 | D:10     | Received a gift from Okawaru
 18282 | D:10     | Killed from afar by a manticore

Skill      XL: |  1  2  3  4  5  6  7  8  9 10 11 |
---------------+----------------------------------+-----
Bows           | 6 7 8 9 10 11 13 14 15 | 15.6
Unarmed Combat | 1 2 3 4 5 6 7 8 |  8.5
Fighting       | 3 4 5 7 8 |  8.7
Invocations    | 1 3 5 7 8 |  8.0
Dodging        | |  1.3
Stealth        | |  0.4

Action                   |  1- 3 |  4- 6 |  7- 9 | 10-12 || total
-------------------------+-------+-------+-------+-------++-------
Melee: Unarmed           |   165 |   221 |   346 |   448 ||  1180
       Kick              |    25 |    46 |    92 |   113 ||   276
       Punch             |       |     2 |     6 |     6 ||    14
 Fire: Shortbow          |    21 |    81 |   286 |   227 ||   615
Invok: Heroism           |       |       |     1 |     1 ||     2
  Use: Potion            |       |     1 |     1 |       ||     2
       Scroll            |       |       |     2 |       ||     2
 Stab: Distracted        |       |       |       |     1 ||     1
  Eat: Chunk             |     2 |     9 |    16 |    22 ||    49
       Fruit             |       |       |     2 |     1 ||     3
Armor: Leather armour    |    62 |    91 |   178 |   205 ||   536
Dodge: Dodged            |    70 |   103 |   187 |   189 ||   549
